 Dungeon Crawl Stone Soup version 0.23.2-1-ga50397a (webtiles) character file.

Game seed: 7561003294944925622

696 IBeShadow the Sneak (level 7, -2/46 HPs)
             Began as an Octopode Transmuter on May 22, 2019.
             Slain by an ice beast (12 damage)
             ... on level 4 of the Dungeon.
             The game lasted 00:09:34 (6483 turns).

IBeShadow the Sneak (Octopode Transmuter)           Turns: 6483, Time: 00:09:34

Health: -2/46      AC:  3    Str: 10    XL:     7   Next: 64%
Magic:  10/10      EV: 14    Int: 17    God:
Gold:   104        SH:  0    Dex: 12    Spells: 7/10 levels left

rFire    . . .     SeeInvis .     - Unarmed
rCold    . . .     Gourm    .   (no shield)
rNeg     . . .     Faith    .   m - +2 hat
rPois    .         Spirit   .   (no amulet)
rElec    .         Reflect  .   (no ring)
rCorr    .         Harm     .   (no ring)
MR       .....                  (no ring)
Stlth    ++++......             (no ring)
HPRegen  0.15/turn              (no ring)
MPRegen  0.12/turn              (no ring)
                                (no ring)
                                (no ring)

@: no status effects
A: almost no armour, stealthy swim, amphibious, 8 rings, constrict 8, camouflage
1, gelatinous body 1
a: no special abilities


You were on level 4 of the Dungeon.
You were not hungry.

You visited 1 branch of the dungeon, and saw 5 of its levels.
You also visited: Sewer.

You collected 104 gold pieces.

Inventory:

Missiles
 a - 84 arrows
Armour
 m - a +2 hat (worn)
Jewellery
 v - an uncursed ring of fire {unknown}
 w - an uncursed ring of magical power {unknown}
Scrolls
 e - a scroll of enchant armour
 g - 2 scrolls of identify
 k - 3 scrolls of remove curse
 n - 3 scrolls of teleportation
 o - a scroll of blinking {unknown}
 q - a scroll of amnesia
 s - a scroll of random uselessness {unknown}
 u - 2 scrolls of enchant weapon {unknown}
Potions
 b - 3 potions of heal wounds
 d - a potion of berserk rage {unknown}
 f - 3 potions of agility
 h - a potion of magic {unknown}
 i - 9 potions of curing
 j - 3 potions of brilliance
 l - a potion of resistance
 p - a potion of lignification
 r - a potion of flight {unknown}
 t - a potion of degeneration {unknown}
Comestibles
 c - 6 rations


   Skills:
 + Level 3.5 Fighting
 + Level 4.0 Dodging
 + Level 5.0 Stealth
 + Level 4.6 Unarmed Combat
 - Level 2.0 Spellcasting
 + Level 4.0 Transmutations


You had 7 spell levels left.
You knew the following spells:

 Your Spells              Type           Power        Failure   Level  Hunger
a - Beastly Appendage     Tmut           ###...       3%          1    #......
b - Sticks to Snakes      Tmut           ###.....     5%          2    ###....

Your spell library contained the following spells:

 Spells                   Type           Power        Failure   Level  Hunger
 Spider Form              Tmut/Pois      #.........   26%         3    ###....
 Ice Form                 Ice/Tmut       #.......     63%         4    #####..
 Blade Hands              Tmut           ###.......   69%         5    ######.


Dungeon Overview and Level Annotations

Branches:
Dungeon (5/15)
 Temple: D:4-7

Altars:
Elyvilon
Wu Jian
The Shining One


Innate Abilities, Weirdness & Mutations

You cannot wear most types of armour.
You are very stealthy in the water. (Stealth+)
You are amphibious.
You can wear up to eight rings at the same time.
You can use your tentacles to constrict eight enemies at once.
Your skin changes colour to match your surroundings (Stealth+).
Your rubbery body absorbs attacks. (AC +1, EV +1)


Message History

The ice beast hits you. The ice beast freezes you!
* * * LOW HITPOINT WARNING * * *
The ice beast hits you but does no damage.
There is a stone staircase leading up here.
There is a stone staircase leading up here.
There is a stone staircase leading up here.
You tentacle-slap the ice beast but do no damage.
The ice beast is heavily wounded.
The ice beast hits you. The ice beast freezes you.
You tentacle-slap the ice beast.
You squeeze the ice beast, but do no damage.
The ice beast is heavily wounded.
The ice beast hits you. The ice beast freezes you!
* * * LOW HITPOINT WARNING * * *
All of the chunks of flesh in your inventory have rotted away.
There is a stone staircase leading up here.
The ice beast hits you.
* * * LOW HITPOINT WARNING * * *
The ice beast freezes you!
You die...

........#####..#######.#
######### #..# #.#
.....########..## #<#
####............# #.#
####............## #.#
......#######....# #.#
.###..# #....# #.#
......# #....# #.#
.###..# #)#.@# #.# ##
#..#######.#.Y#####.#
####..#................#
.##.#.#.#####..........#
#..###..#######.######.#
.##.#.#.##......# #.#
####..#.##.###### #.#
................# #.#
#####.#.#######.# #.#


You could see an ice beast.

Vanquished Creatures
  An ogre (D:4)
  A big kobold (Sewer)
  A scorpion (D:4)
  3 orc priests (D:4)
  2 orc wizards (D:4)
  2 worker ants (D:4)
  Robin (D:1)
  4 gnolls (D:2)
  5 adders
  5 river rats (Sewer)
  3 worms
  A dart slug (D:3)
  4 leopard geckos
  5 orcs (D:4)
  10 ball pythons
  5 bats
  4 giant cockroaches
  16 goblins
  5 hobgoblins
  4 jackals
  29 kobolds
  2 quokkas (D:4)
  3 frilled lizards
  A quokka skeleton (D:4)
  27 rats
144 creatures vanquished.

Vanquished Creatures (collateral kills)
  3 gnolls (D:2)
  A goblin (D:2)
4 creatures vanquished.

Grand Total: 148 creatures vanquished

Notes
Turn   | Place    | Note
-------+----------+-------------------------------------------
     0 | D:1      | IBeShadow the Octopode Transmuter began the quest for the
                  | Orb.
     0 | D:1      | Reached XP level 1. HP: 13/13 MP: 3/3
   532 | D:1      | Reached XP level 2. HP: 18/18 MP: 5/5
   555 | D:1      | Learned a level 2 spell: Sticks to Snakes
   599 | D:1      | Reached skill level 1 in Stealth
   883 | D:2      | Reached XP level 3. HP: 22/23 MP: 6/6
  1155 | D:2      | HP: 1/23 [kobold/+0 club (4)]
  1610 | D:2      | Reached skill level 2 in Stealth
  1885 | D:2      | Noticed Robin
  1906 | D:2      | Reached XP level 4. HP: 29/29 MP: 7/7
  2542 | D:1      | Killed Robin
  2902 | D:2      | Reached XP level 5. HP: 34/34 MP: 8/8
  2932 | D:2      | Noticed an ice beast
  3087 | D:2      | Found a faded altar of an unknown god.
  3779 | D:3      | Reached skill level 3 in Stealth
  3803 | D:3      | Found a glowing drain.
  3829 | Sewer    | Entered a sewer
  4118 | Sewer    | Reached XP level 6. HP: 20/41 MP: 9/9
  5008 | D:3      | Found a glowing golden altar of the Shining One.
  5009 | D:3      | Found an ornate altar of the Wu Jian Council.
  5163 | D:4      | Reached skill level 4 in Stealth
  5404 | D:4      | Found a white marble altar of Elyvilon.
  5464 | D:4      | Reached XP level 7. HP: 24/46 MP: 10/10
  6216 | D:4      | Reached skill level 5 in Stealth
  6336 | D:5      | Entered Level 5 of the Dungeon
  6483 | D:4      | Slain by an ice beast

Skill      XL: |  1  2  3  4  5  6  7 |
---------------+----------------------+-----
Stealth        | 1 2 3 4 5 |  5.0
Fighting       | 2 3 |  3.5
Transmutations | 3 4 |  4.0
Dodging        | 3 4 |  4.0
Unarmed Combat | 4 |  4.6
Spellcasting   | |  2.0

Action                   |  1- 3 |  4- 6 |  7- 9 || total
-------------------------+-------+-------+-------++-------
Melee: Unarmed           |    86 |   226 |    63 ||   375
       Constrict         |    24 |    61 |    12 ||    97
       Tentacles         |    16 |    41 |    14 ||    71
       Punch             |     1 |     3 |     4 ||     8
       Kick              |       |     2 |       ||     2
 Cast: Sticks to Snakes  |       |     7 |       ||     7
       Beastly Appendage |       |     1 |       ||     1
  Use: Potion            |       |     4 |       ||     4
       Scroll            |       |     5 |     3 ||     8
 Stab: Sleeping          |     6 |    13 |     5 ||    24
  Eat: Chunk             |     3 |    12 |     3 ||    18
Armor: Skin              |    14 |    35 |     6 ||    55
Dodge: Dodged            |    68 |   209 |    39 ||   316
